 Dungeon Crawl Stone Soup version 0.27-a0-1202-ge72e49191c (webtiles) character file.

Game seed: 15977167262224234164

5 bande the Shield-Bearer (level 1, 0/14 HPs)
             Began as a Gargoyle Fighter on June 5, 2021.
             Slain by a quokka (3 damage)
             ... on level 1 of the Dungeon.
             The game lasted 00:00:18 (122 turns).

bande the Shield-Bearer (Gargoyle Fighter)           Turns: 122, Time: 00:00:18

Health: 0/14       AC:  9    Str: 19    XL:     1   Next: 80%
Magic:  1/1        EV:  7    Int:  8    God:
Gold:   0          SH:  9    Dex:  9    Spells: 0/0 levels left

rFire    . . .     SeeInvis .   a - +0 war axe
rCold    . . .     Faith    .   c - +0 kite shield
rNeg     + . .     Spirit   .   b - +0 scale mail
rPois    ∞         Reflect  .   (no helmet)
rElec    +         Harm     .   (no cloak)
rCorr    .         Rampage  .   (no gloves)
Will     .....                  (no boots)
Stlth    ..........             (no amulet)
HPRegen  0.04/turn              (no ring)
MPRegen  0.07/turn              (no ring)

@: no status effects
A: sickness immunity, AC +2, negative energy resistance 1, electricity
resistance, torment resistance 1, petrification resistance
a: no special abilities


You were on level 1 of the Dungeon.
You visited 1 branch of the dungeon, and saw 1 of its levels.

Inventory:

Hand Weapons
 a - a +0 war axe (weapon)
Armour
 b - a +0 scale mail (worn)
 c - a +0 kite shield (worn)
Potions
 d - a potion of might
 e - a potion of degeneration {unknown}


   Skills:
 + Level 3.3 Fighting
 + Level 1.8 Axes
 + Level 3.3 Armour
 + Level 3.5 Shields


You couldn't memorise any spells.
You didn't know any spells.
Your spell library was empty.

Dungeon Overview and Level Annotations

Branches:
Dungeon (1/15)

Altars:


Innate Abilities, Weirdness & Mutations

You are immune to sickness and miasma.
Your stone body is resilient. (AC +2)
You are immune to poison.
You resist negative energy. (rN+)
You are resistant to electric shocks. (rElec)
You are resistant to unholy torment.
You are immune to petrification.


Message History

You block the quokka's attack. x2
You hit the quokka.
The quokka is severely wounded.
You closely miss the goblin. You closely miss the quokka.
You block the goblin's attack.
The quokka bites you but does no damage. x2
The goblin barely misses you. The endoplasm freezes you.
You are frozen.
A dart slug comes into view.
The quokka bites you but does no damage. x2
You closely miss the quokka. You hit the quokka.
You kill the quokka!
You hit the endoplasm. You hit the goblin. You block the goblin's attack.
The endoplasm freezes you.
You are frozen.
The quokka barely misses you.
The frilled lizard unfolds its giant frill.
The frilled lizard bites you but does no damage.
The goblin hits you but does no damage.
The quokka bites you but does no damage.
The endoplasm hits you.
* * * LOW HITPOINT WARNING * * *
You barely miss the quokka.
You hit the frilled lizard but do no damage.
You hit the endoplasm but do no damage. You closely miss the goblin.
You block the quokka's attack.
The frilled lizard bites you but does no damage.
The goblin hits you but does no damage. The endoplasm barely misses you.
The quokka barely misses you.
You hit the quokka.
The quokka is severely wounded.
You barely miss the frilled lizard. You hit the endoplasm but do no damage.
You barely miss the goblin. You block the frilled lizard's attack.
The goblin hits you but does no damage. You block the endoplasm's attack.
The quokka bites you.
* * * LOW HITPOINT WARNING * * *
The frilled lizard bites you but does no damage.
You block the goblin's attack. The endoplasm closely misses you.
The quokka bites you.
You die...

####..###..#...##.......#
#.. ##....## #.....# ....
###.##..####..#.## ##
.................#
###.####...#...... #
###......# ####.........
#............
#..##@J.......
....#.lrg...##.#
......#....)....
.#...........## .....
.w....... ##..#.#.....###
>... ........ ...
.#....####


You could see a dart slug, an endoplasm, a quokka, a goblin and a frilled
lizard.

Vanquished Creatures
  2 ball pythons (D:1)
  A quokka (D:1)
  A kobold (D:1)
  A rat (D:1)
5 creatures vanquished.

Notes
Turn   | Place    | Note
-------+----------+-------------------------------------------
     0 | D:1      | bande the Gargoyle Fighter began the quest for the Orb.
     0 | D:1      | Reached XP level 1. HP: 14/14 MP: 1/1
   122 | D:1      | Slain by a quokka

Illustrated notes

Levels and vault maps discovered:
D:1:      minmay_arrival_shattered_statue, layout_rooms, serial_shops, shop,
          shop_statue, nicolae_shop_temple_entry_statues_fountains,
          minmay_close_crescents

Action                   || total
-------------------------++-------
Melee: War axe           ||    16
Armor: Scale mail        ||    16
Dodge: Dodged            ||    14
Block: Kite shield       ||    19

Table legend: (Time is in decaauts)
 A = Elapsed time spent in this place.
 B = Non-inter-level travel time spent in this place.
 C = Inter-level travel time spent in this place.
 D = Time resting spent in this place.
 E = Time spent auto-exploring this place.
 F = Levels seen in this place.
 G = Mean time per level.
                   A        B        C        D        E       F      G
               +--------+--------+--------+--------+--------+-----+--------+
         Total |    131 |    131 |      0 |      0 |     95 |   1 |  131.0 |
       Dungeon |    131 |    131 |      0 |      0 |     95 |   1 |  131.0 |
               +--------+--------+--------+--------+--------+-----+--------+

Top non-repeatable levels by time:
     D:1: 131 daAuts
